 Dungeon Sprint DCSS version 0.21.1-1-g345015f (webtiles) character file.

14 Psiloshibe the Slasher (level 2, -2/27 HPs)
             Began as a Barachi Berserker on June 23, 2018.
             Was a Priest of Trog.
             Slain by a shadow imp (5 damage)
             ... in the Dungeon (Sprint VI: "Thunderdome").
             The game lasted 00:01:41 (214 turns).

Psiloshibe the Slasher (Barachi Berserker)           Turns: 214, Time: 00:01:42

Health: -2/27      AC:  2    Str: 18    XL:     2   Next: 79%
Magic:  2/2        EV: 12    Int: 11    God:    Trog [***...]
Gold:   40         SH:  0    Dex: 11    Spells: 1/1 levels left

rFire    . . .     SeeInvis +   a - +0 falchion
rCold    . . .     Gourm    .   (no shield)
rNeg     . . .     Faith    .   b - +0 animal skin
rPois    .         Spirit   .   (no helmet)
rElec    +         Reflect  .   (no cloak)
rCorr    .         Harm     .   (no gloves)
MR       +....     NoTele   +   (no boots)
Stlth    +.........             (no amulet)
HPRegen  0.09/turn              p - ring "Ehoxaits" {+Fly rElec MR+ Int+4 SInv}
MPRegen  0.08/turn              (no ring)

@: slow
A: +LOS, swims, slowness 1, strong legs 1
a: Hop, Berserk, Trog's Hand, Burn Spellbooks, Renounce Religion, Evoke Flight


You were in the Dungeon.
You worshipped Trog.
Trog was most pleased with you.
You were not hungry.

You visited 1 branch You collected 220 gold pieces.
You spent 180 gold pieces at shops.

Inventory:

Hand Weapons
 a - a +0 falchion (weapon)
Armour
 b - a +0 animal skin (worn)
Jewellery
 p - the ring "Ehoxaits" (left hand) {+Fly rElec MR+ Int+4 SInv}
   (You bought it in a shop in the Dungeon)

   [ring of flight]

   It affects your intelligence (+4).
   It insulates you from electricity.
   It affects your resistance to hostile enchantments.
   It lets you see invisible.
   It lets you fly.
Wands
 k - a wand of acid (5)
 l - a wand of iceblast (5)
Scrolls
 i - 4 scrolls of blinking
 m - 3 scrolls of fog
Potions
 d - a potion of curing
 e - 4 potions of heal wounds
 f - 4 potions of haste
 g - 2 potions of magic
 h - a potion of berserk rage
 j - a potion of resistance
Comestibles
 c - a ration
 n - 4 chunks of flesh


   Skills:
 + Level 5.1 Fighting
 + Level 5.5 Long Blades
 * Level 1.5 Throwing
 + Level 2.7 Armour
 + Level 2.5 Dodging


You had one spell level left.
You didn't know any spells.

Dungeon Overview and Level Annotations

Branches:
Dungeon (1/1)

Altars:
Cheibriados
Dithmenos
Fedhas
Gozag
Kikubaaqudgha
Makhleb
Okawaru
Qazlal
Ru
Sif Muna
Trog
Uskayaw
Vehumet
Wu Jian
Xom
Yredelemnul
Zin
The Shining One
Beogh
Jiyva
Lugonu

Shops:
D *[%??*?*:[((!!!!


Innate Abilities, Weirdness & Mutations

Shadows flee at your approach. (+LOS)
You can swim through water.
You cover ground slowly.
You can hop short distances.


Message History

The shadow imp gestures at you. Pain shoots through your body!
* * * LOW HITPOINT WARNING * * *
You hit the shadow imp.
The shadow imp is severely wounded.
The shadow imp barely misses you.
You closely miss the shadow imp.
The shadow imp is severely wounded.
The shadow imp gestures at you. You resist with significant effort.
You hit the shadow imp but do no damage.
The shadow imp is severely wounded.
The shadow imp closely misses you.
You hit the shadow imp but do no damage.
The shadow imp is severely wounded.
The shadow imp closely misses you.
You hit the shadow imp.
The shadow imp is almost dead.
The shadow imp hits you.
You die...

###.........###
#⌠...........⌠#
######.8.........8.###
##∩___......###......_.
###∩........8.# #.8......
##.."..........###........
#⌠..........###...###.....
#⌠..........# #.<.# #.....
#⌠.......@..###...###.....
##.......5.....###........
###∩........8.# #.8......
##∩___......###......__
######.8.........8.###
#⌠...........⌠#
###.........###
#_......._# #........_#


You could see a shadow imp.

Vanquished Creatures
  A shadow imp (D)
  2 worms (D)
  4 giant cockroaches (D)
7 creatures vanquished.

Notes
Turn   | Place    | Note
-------+----------+-------------------------------------------
     0 | D        | Psiloshibe the Barachi Berserker began the quest for the Orb.
     0 | D        | Reached XP level 1. HP: 18/18 MP: 1/1
     0 | D        | Found a shimmering altar of Xom.
     0 | D        | Found a radiant altar of Vehumet.
     3 | D        | Found a roughly hewn altar of Beogh.
     3 | D        | Found a stormy altar of Qazlal.
     4 | D        | Found an ancient bone altar of Kikubaaqudgha.
     4 | D        | Found a bloodstained altar of Trog.
     4 | D        | Found an ornate altar of the Wu Jian Council.
     5 | D        | Found a hide-covered altar of Uskayaw.
     5 | D        | Found an opulent altar of Gozag.
     5 | D        | Round 1.
     6 | D        | Found Gug Gif's Delicious Food.
     6 | D        | Found an iron altar of Okawaru.
     6 | D        | Found Goowkag's Identification Station.
     6 | D        | Found a basalt altar of Yredelemnul.
     7 | D        | Found Enkil's Jewellery.
     7 | D        | Found Ycvo's Advanced Armour.
     7 | D        | Found a deep blue altar of Sif Muna.
     7 | D        | Found a shadowy altar of Dithmenos.
     7 | D        | Found a glowing silver altar of Zin.
    17 | D        | Bought a vibrating bronze ring for 45 gold pieces
    17 | D        | Bought a warped iron amulet for 45 gold pieces
    17 | D        | Bought an ancient iron ring for 45 gold pieces
    17 | D        | Identified the amulet of the Hero {Inacc rPois rN+ MR+ Stlth+} (You bought it in a shop in the Dungeon)
    19 | D        | Bought a pitted crystal amulet for 45 gold pieces
    19 | D        | Identified the amulet of Fixation {Regen+ Stlth+} (You bought it in a shop in the Dungeon)
    23 | D        | Identified the ring of Sanequha {Wiz rPois Str-3 Int+2} (You bought it in a shop in the Dungeon)
    25 | D        | Identified the ring "Ehoxaits" {+Fly rElec MR+ Int+4 SInv} (You bought it in a shop in the Dungeon)
    38 | D        | Reached ** piety under Trog
    59 | D        | Reached skill level 5 in Long Blades
    59 | D        | Reached XP level 2. HP: 4/26 MP: 2/2
    76 | D        | Found a burning altar of Makhleb.
    77 | D        | Found Cude's Premium Goods.
    77 | D        | Found Mauckaq's Weapon Rack.
    78 | D        | Found a glowing golden altar of the Shining One.
    78 | D        | Found Izeudyod's Miscellaneous Merchandise.
    78 | D        | Found Ucro's Basic Armour.
    81 | D        | Found a snail-covered altar of Cheibriados.
    84 | D        | Found a blossoming altar of Fedhas.
    86 | D        | Found a corrupted altar of Lugonu.
    88 | D        | Found a viscous altar of Jiyva.
    88 | D        | Found a sacrificial altar of Ru.
    91 | D        | Found Uvukhleh's Do-It-Yourself Clinic.
    91 | D        | Found Rax Veo's Distillery.
    92 | D        | Found Zekle's Bottled Wisdom.
    92 | D        | Found Toogontobu's Distillery.
   103 | D        | Found Xadypse's Staff Store.
   104 | D        | Found Recaut's Magic Scroll Shop.
   104 | D        | Found Ateluts's Must-Have Magic.
   104 | D        | Found Xeeramon's Magic Scroll Shop.
   124 | D        | Arena points: 14 (+14) [x2]
   192 | D        | Round 2.
   203 | D        | Reached *** piety under Trog
   203 | D        | Reached skill level 5 in Fighting
   203 | D        | Reached skill level 1 in Throwing
   214 | D        | Slain by a shadow imp

Skill      XL: |  1  2 |
---------------+-------+-----
Long Blades    | 5 |  5.5
Fighting       | 4 5 |  5.1
Throwing       | 1 |  1.5
Armour         | |  2.7
Dodging        | |  2.5

Action                   || total
-------------------------++-------
Melee: Falchion          ||    38
Invok: Trog's Hand       ||     1
Armor: Animal skin       ||     6
Dodge: Dodged            ||    21
       Rpst.: Falchion   ||     6
